Map: Mech Depot LE

Players

Juxtapose - Winner!

  • Race: Terran Terran
  • League: Gold
  • Spawn Location: 1:00

Sword

  • Race: Zerg Zerg
  • League: Silver
  • Spawn Location: 7:00

VOD

https://youtu.be/geu-1tbJcT8

Description

I found this game rather intense, and I'm glad I made Cyclones as they helped a lot. My opponent and I were pretty evenly matched, I felt.

Time

  • Played on: Aug. 27, 2017, 1:32 p.m.
  • Length: 14:23
Show
View Real Time Build Order
Export as new Build Order

Juxtapose Terran - Winner!

Build Orders: MMM Bio 

Get SALT Encoding   

  12  0:01  SCV  
  13  0:13  SCV  
  14  0:22  Supply Depot  
  14  0:25  SCV  
  15  0:43  SCV  
  16  0:51  Barracks  
  16  0:56  SCV  
  17  1:02  Supply Depot  
  17  1:08  SCV  
  18  1:12  Refinery  
  18  1:14  Refinery  
  18  1:20  SCV  
  19  1:32  SCV  
  20  1:42  Marine  
  21  1:50  Orbital Command  
  21  2:00  Marine  
  22  2:01  Barracks  
  21  2:20  SCV  
  22  2:30  Barracks Reactor  
  22  2:32  SCV  
  22  2:34  Engineering Bay  
  23  2:43  Supply Depot  
  23  2:44  SCV  
  24  2:59  Barracks Tech Lab  
  24  3:07  SCV  
  24  3:09  Supply Depot  
  25  3:13  Marine x2, Terran Infantry Weapons Level 1  
  27  3:34  Command Center, Supply Depot  
  27  3:50  Stimpack  
  27  3:51  Marine x2  
  29  3:57  Factory  
  29  4:05  SCV  
  30  4:17  SCV  
  31  4:29  SCV  
  32  4:33  Marine x3  
  35  4:48  Factory Reactor  
  35  4:54  Orbital Command  
  35  5:02  Marine  
  35  5:03  Marine x2  
  38  5:15  Terran Infantry Armor Level 1  
  38  5:20  Marine x2  
  40  5:37  Marine  
  40  5:38  Marine  
  40  5:39  Marine  
  39  5:50  Combat Shields  
  39  5:53  Cyclone  
  39  5:54  Cyclone  
  39  5:55  Marine  
  39  5:56  Marine  
  47  5:57  Marine  
  47  6:03  Barracks  
  48  6:05  SCV  
  48  6:08  Missile Turret  
  49  6:13  Marine  
  49  6:14  Marine  
  49  6:17  SCV  
  52  6:21  Starport  
  52  6:25  Armory  
  52  6:28  Cyclone x2  
  52  6:29  SCV  
  52  6:32  Marine x3  
  62  6:48  SCV x2  
  62  6:50  Marine x2, Refinery  
  62  6:53  Refinery  
  66  6:56  Missile Turret  
  66  7:00  SCV  
  67  7:03  Marine  
  67  7:04  Marine  
  67  7:07  Marine  
  70  7:14  Supply Depot  
  70  7:27  Barracks Reactor  
  70  7:29  Terran Infantry Weapons Level 2  
  70  7:30  Terran Vehicle Weapons Level 1  
  70  7:35  Marine, Medivac  
  73  7:38  Supply Depot  
  72  7:54  Cyclone  
  72  7:55  Cyclone  
  78  8:02  Supply Depot  
  78  8:12  Starport Tech Lab  
  78  8:20  Marine x4  
  78  8:21  Marine  
  78  8:26  Cyclone  
  78  8:27  Cyclone  
  89  8:38  Marine x3  
  92  8:41  Marine x2  
  94  9:05  Marine, Medivac  
  94  9:06  Marine  
  94  9:07  Marine  
  69  9:23  Marine x3  
  68  9:24  Marine x2  
  70  9:35  Medivac  
  70  9:37  Terran Vehicle And Ship Armor Level 1  
  72  9:41  Marine x3  
  72  9:42  Marine x2  
  72  9:44  Terran Infantry Armor Level 2  
  77  9:52  Factory Tech Lab  
  77  9:59  Marine x3  
  80  10:00  Marine x2  
  80  10:04  Factory  
  80  10:05  Medivac  
  84  10:16  Marine, Siege Tank  
  84  10:20  Marine x4  
  71  10:34  Marine  
  64  10:35  Medivac  
  64  10:37  Marine  
  64  10:38  Marine x3  
  65  10:48  Siege Tank  
  68  10:52  Marine, Hellbat x2  
  73  10:58  Marine  
  73  10:59  Marine x3  
  77  11:10  Marine  
  78  11:14  Hellbat x2  
  82  11:20  Siege Tank  
  85  11:31  Command Center  
  85  11:35  Hellbat x2  
  89  11:40  Infernal Pre-Igniter  
  77  11:52  Siege Tank  
  80  11:56  Hellbat x2  
  84  12:03  Medivac  
  84  12:04  Marine x4  
  84  12:05  Marine  
  91  12:13  SCV  
  92  12:18  Hellbat  
  94  12:43  Marine x5, Siege Tank, SCV  
  91  13:00  Marine x4  
  95  13:07  Marine  
  96  13:17  Planetary Fortress  
  96  13:18  Marine x4  
  100  13:24  Marine  
  101  13:36  Marine x4  
  105  13:45  Marine  
  106  13:54  Marine x3  
  109  14:03  Marine  
Show
View Real Time Build Order
Export as new Build Order

Sword Zerg 

Build Orders: Pool First 

Get SALT Encoding   

  12  0:02  Drone  
  13  0:11  Drone  
  14  0:26  Overlord x2  
  14  0:44  Drone  
  14  0:45  Drone  
  14  0:48  Drone  
  17  0:56  Spawning Pool  
  16  0:59  Drone  
  17  1:12  Drone  
  17  1:16  Extractor  
  17  1:25  Drone  
  18  1:33  Drone  
  18  1:39  Hatchery  
  18  1:43  Zergling x2  
  19  1:52  Drone  
  20  2:01  Queen  
  20  2:04  Drone  
  23  2:14  Drone  
  24  2:27  Drone  
  25  2:37  Metabolic Boost  
  25  2:40  Queen  
  25  2:41  Extractor  
  26  2:45  Drone  
  27  2:55  Drone x2  
  29  3:05  Drone x2  
  31  3:23  Drone, Baneling Nest  
  31  3:24  Drone x5  
  36  3:39  Spine Crawler  
  35  3:47  Overlord  
  35  3:48  Overlord  
  35  3:49  Overlord  
  35  4:05  Queen  
  35  4:08  Zergling x12  
  43  4:18  Drone x3  
  46  4:29  Drone  
  47  4:31  Baneling x2  
  47  4:32  Baneling  
  48  5:00  Zergling x10  
  48  5:02  Overlord  
  51  5:11  Baneling  
  51  5:12  Baneling  
  51  5:20  Drone  
  52  5:25  Drone x3  
  50  6:05  Drone x8  
  50  6:06  Drone x2  
  60  6:11  Overlord x2  
  60  6:15  Baneling x4  
  60  6:17  Lair  
  60  6:26  Evolution Chamber  
  60  6:28  Hatchery  
  60  6:29  Drone x4  
  60  6:30  Evolution Chamber  
  61  6:57  Zergling x4  
  61  6:58  Zergling x4, Extractor x2  
  63  7:06  Baneling  
  63  7:07  Baneling  
  63  7:08  Zergling x2  
  63  7:09  Zergling x8  
  68  7:19  Zerg Melee Weapons Level 1, Zerg Ground Armor Level 1  
  68  7:23  Overlord  
  68  7:24  Overlord  
  68  7:35  Hatchery  
  61  7:50  Zergling x2  
  61  7:51  Zergling x10  
  58  7:54  Centrifical Hooks  
  58  7:57  Zergling x4  
  60  8:02  Zergling x4  
  62  8:13  Baneling x4, Spine Crawler  
  62  8:14  Baneling  
  62  8:15  Zergling x4  
  62  8:16  Zergling x4  
  61  8:27  Zergling x2  
  61  8:28  Zergling x2  
  63  8:37  Zergling x8  
  66  8:42  Baneling  
  66  8:43  Baneling x2  
  66  8:44  Baneling  
  66  8:45  Zergling x8  
  70  8:51  Zergling x2  
  71  8:57  Zergling x6  
  71  9:01  Baneling x2  
  57  9:10  Zergling x2  
  57  9:11  Zergling x16  
  59  9:25  Zergling x2  
  59  9:26  Zergling x4  
  62  9:34  Baneling x4  
  62  9:42  Zergling x10  
  67  9:50  Zergling x4  
  67  9:51  Zergling x6  
  72  9:58  Hatchery  
  72  9:59  Spire  
  70  10:00  Zerg Melee Weapons Level 2, Zerg Ground Armor Level 2  
  70  10:02  Zergling x2  
  70  10:03  Zergling x14  
  70  10:04  Zergling x2  
  79  10:16  Zergling x2  
  79  10:17  Zergling x4  
  67  10:30  Zergling x2  
  67  10:31  Zergling x6  
  65  11:09  Hatchery  
  64  11:13  Drone  
  64  11:14  Drone x9  
  74  11:19  Baneling  
  74  11:20  Baneling x3  
  74  11:21  Mutalisk  
  76  11:38  Drone x7  
  65  11:50  Mutalisk  
  65  11:51  Mutalisk x3  
  73  11:54  Mutalisk  
  75  12:08  Mutalisk x11  
  75  12:12  Zergling x2  
  75  12:13  Zergling x4  
  100  12:17  Zerg Flyer Armor Level 1  
  100  12:19  Zergling x6  
  103  12:25  Overseer  
  103  12:35  Zergling x2  
  103  12:36  Zergling x12  
  103  12:50  Infestation Pit  
  65  12:59  Mutalisk x7  
  65  13:00  Mutalisk x4  
  68  13:07  Zergling x8  
  68  13:08  Zergling x4  
  74  13:17  Zergling x2  
  74  13:18  Zergling x4  
  77  13:27  Zergling x4  
  77  13:28  Zergling x2  
  77  13:31  Baneling x2  
  77  13:32  Baneling x3  
  80  13:35  Zergling x2  
  80  13:36  Zergling x4  
  81  13:43  Mutalisk  
  81  13:46  Baneling  
  81  13:47  Baneling x2  
  81  13:48  Baneling  
  83  13:51  Zergling x2  
  83  13:53  Zergling x2  
Tags
 
Composition
MMM Bio
Matchup
TvZ
Opening
Pool First
Spawn Locations
Cross Positions
Add a new tag
Caveats
  • Supply blocks, unpowered buildings, or Contaminate may cause inaccurate times.
  • Supply counts are checked every 10 seconds.